 Dungeon Crawl Stone Soup version 0.32-a0-656-g3542139ebd (webtiles) character file.

Game seed: 17719869378797238649

62 backslashecho the Grave Robber (level 3, -1/28 HPs)
             Began as a Mountain Dwarf Necromancer on Mar 8, 2024.
             Killed from afar by Natasha (7 damage)
             ... with a magic dart
             ... on level 2 of the Dungeon.
             The game lasted 00:03:35 (1546 turns).

backslashecho the Grave Robber (MDNe)               Turns: 1546, Time: 00:03:35

Health: -1/28      AC:  9    Str: 12    XL:     3   Next: 85%
Magic:  5/5        EV:  8    Int: 15    God:
Gold:   114        SH:  7    Dex: 10    Spells: 4/5 levels left

rFire   . . .        c - +0 hand axe
rCold   . . .        f - +0 kite shield
rNeg    . . .        e - +0 ring mail
rPois   .            (no helmet)
rElec   .            (no cloak)
rCorr   .            (no gloves)
SInv    .            (no boots)
Will    .....        (no amulet)
Stlth   +            d - +4 ring of protection
HPRegen 0.24/turn    (no ring)
MPRegen 0.09/turn

%: no passive effects
@: no status effects
A: runic magic, artefact enchanting
a: no special abilities


You were on level 2 of the Dungeon.
You visited 1 branch of the dungeon, and saw 2 of its levels.

You collected 114 gold pieces.

Inventory:

Hand Weapons
 c - a +0 hand axe (weapon)
Missiles
 p - 3 curare-tipped darts (quivered)
Armour
 a - a +0 robe
 e - a +0 ring mail (worn)
 f - a +0 kite shield (worn)
Jewellery
 d - a +4 ring of protection (left hand)
 q - a ring of flight
Wands
 k - a wand of roots (4)
Scrolls
 g - 3 scrolls of identify {unknown}
 l - a scroll of fear {unknown}
 m - a scroll of fog {unknown}
 o - a scroll of revelation {unknown}
Potions
 b - a potion of magic
 h - a potion of heal wounds {unknown}
 i - a potion of attraction {unknown}
 j - a potion of degeneration {unknown}
 n - a potion of lignification {unknown}


   Skills:
 - Level 1.0 Fighting
 * Level 2.4 Axes
 - Level 2.0 Dodging
 - Level 1.4 Stealth
 + Level 1.2 Shields
 - Level 1.9 Spellcasting
 - Level 4.5 Necromancy


You had 4 spell levels left.
You knew the following spells:

 Your Spells              Type           Power      Damage    Failure   Level
a - Necrotise             Necr           60%        1d7       19%         1

Your spell library contained the following spells:

 Spells                   Type           Power      Damage    Failure   Level
 Vampiric Draining        Necr           15%        2d7       47%         3
 Animate Dead             Necr           15%        N/A       87%         4
 Curse of Agony           Necr           15%        N/A       99%         5


Dungeon Overview and Level Annotations

Branches:
Dungeon (2/15)

Altars:

Annotations:
D:2 Natasha


Innate Abilities, Weirdness & Mutations

Your spellcasting is much less encumbered by armour.
You can use scrolls of enchantment on lesser artefacts.


Message History

The adder is severely wounded.
The adder bites you but does no damage. The adder barely misses you.
You closely miss the adder.
The adder is severely wounded.
You block the adder's attack. The adder bites you but does no damage.
You completely miss the adder.
The adder is severely wounded.
The adder bites you.
You take 1 damage, and have 19/27 hp.
You hit the adder.
You kill the adder!
You block the hobgoblin's attack.
Training target 1.0 for Fighting reached!
Your Fighting skill increases to level 1!
You regained 2 hp, and now have 21/28 hp.
You barely miss the hobgoblin.
The hobgoblin is moderately wounded.
The hobgoblin hits you but does no damage.
You barely miss the hobgoblin.
The hobgoblin is moderately wounded.
The hobgoblin barely misses you.
You hit the hobgoblin but do no damage.
The hobgoblin is moderately wounded.
The hobgoblin closely misses you. The hobgoblin barely misses you.
You barely miss the hobgoblin.
The hobgoblin is moderately wounded.
The hobgoblin hits you but does no damage.
You hit the hobgoblin.
The hobgoblin is almost dead.
The hobgoblin barely misses you.
The hobgoblin hits you but does no damage.
You closely miss the hobgoblin.
The hobgoblin is almost dead.
The hobgoblin hits you but does no damage.
You hit the hobgoblin.
You kill the hobgoblin!
No target in view!
No target in view!
No target in view!
You now have 114 gold pieces (gained 13).
A kobold comes into view. It is wielding a +0 dagger.
The kobold shouts!
The kobold throws a stone.
The stone closely misses you.
Health restored: 28 A kobold is nearby!
A kobold is nearby!
You hit the kobold.
The kobold is severely wounded.
The kobold hits you but does no damage.
You hit the kobold but do no damage.
The kobold is severely wounded.
The kobold hits you but does no damage. You block the kobold's attack.
You hit the kobold.
You kill the kobold!
Things that are here:
a +0 dagger; 4 stones; a kobold corpse No target in view!
Found a stone staircase leading down.
No target in view!
There is a stone staircase leading down here.
q - a ring of flight Natasha, Servant of Life and Death comes into view.
Natasha hisses angrily.
You hit Natasha.
Natasha is lightly wounded.
Natasha claws you. Natasha closely misses you.
You take 5 damage, and have 23/28 hp.
You barely miss Natasha.
Natasha is lightly wounded.
Natasha claws you!
You take 7 damage, and have 16/28 hp.
MASSIVE DAMAGE!!
You hit Natasha.
Natasha is moderately wounded.
Natasha barely misses you.
You hit Natasha.
Natasha is heavily wounded.
Natasha misses you. Natasha casts a spell at you.
The magic dart hits you but does no damage.
You hit Natasha.
Natasha is severely wounded.
Natasha stares at you and mumbles some strange words.
You resist with some effort.
You hit Natasha.
Natasha is almost dead.
Natasha casts a spell at you. The magic dart hits you!
* * * LOW HITPOINT WARNING * * *
Natasha stares at you and mumbles some strange words.
The magic dart hits you.
* * * LOW HITPOINT WARNING * * *
You take 12 damage, and have 5/28 hp.
MASSIVE DAMAGE!!
You barely miss Natasha.
Natasha is almost dead.
Natasha howls an incantation.
You feel troubled. Natasha casts a spell at you. The magic dart hits you!
You die...
Natasha begins licking her fur clean.

#############
#...........####
#...............
#....>......#
#...........# #
#...........# #.
#####.##.#######.###
#.#.............
#@#..######.....
#h#..## #.....##
#.#..)# #.......
#.#.#.# #.......
#.#.#.# #.......
#.#.#.# #.......
#.#.#.## #.......
#.#....####.......
###....##....^..


You could see Natasha.

Vanquished Creatures
  3 adders (D:2)
  A dart slug (D:1)
  An endoplasm (D:2)
  2 goblins (D:1)
  3 hobgoblins
  4 jackals (D:2)
  2 quokkas
  A ball python (D:1)
  5 bats
  A frilled lizard (D:1)
  4 kobolds
  4 rats
31 creatures vanquished.

Vanquished Creatures (collateral kills)
  An endoplasm (D:1)
1 creature vanquished.

Grand Total: 32 creatures vanquished

Notes
Turn   | Place    | Note
-------+----------+-------------------------------------------
     0 | D:1      | backslashecho the Mountain Dwarf Necromancer began the
                  | quest for the Orb.
     0 | D:1      | Reached XP level 1. HP: 14/14 MP: 3/3
   528 | D:1      | Reached XP level 2. HP: 16/20 MP: 4/4
   979 | D:2      | Reached skill level 1 in Axes
  1028 | D:2      | Reached XP level 3. HP: 27/27 MP: 5/5
  1352 | D:2      | Reached skill level 1 in Shields
  1466 | D:2      | Reached skill level 1 in Fighting
  1537 | D:2      | Noticed Natasha
  1546 | D:2      | Killed from afar by Natasha

Illustrated notes

Levels and vault maps discovered:
D:1:      amcnicky_arrival_flooded_fountain, layout_basic
D:2:      layout_basic, uniq_natasha

Skill      XL: |  1  2  3 |
---------------+----------+-----
Axes           | 1 2 |  2.4
Dodging        | 2 |  2.0
Shields        | 1 |  1.2
Fighting       | 1 |  1.0
Stealth        | |  1.4
Spellcasting   | |  1.9
Necromancy     | |  4.5

Action                     || total
---------------------------++-------
  Melee: Hand axe          ||   147
         Unarmed           ||     3
         Club              ||     1
   Cast: Necrotise         ||    11
 Armour: Ring mail         ||   126
         Robe              ||     3
  Dodge: Dodged            ||    79
  Block: Kite shield       ||    63

Table legend: (Time is in decaauts)
 A = Elapsed time spent in this place.
 B = Non-inter-level travel time spent in this place.
 C = Inter-level travel time spent in this place.
 D = Time resting spent in this place.
 E = Time spent auto-exploring this place.
 F = Levels seen in this place.
 G = Mean time per level.
                   A        B        C        D        E       F      G
               +--------+--------+--------+--------+--------+-----+--------+
         Total |   1612 |   1540 |     72 |     36 |   1074 |   2 |  806.0 |
       Dungeon |   1612 |   1540 |     72 |     36 |   1074 |   2 |  806.0 |
               +--------+--------+--------+--------+--------+-----+--------+

Top non-repeatable levels by time:
     D:1: 941 daAuts
     D:2: 670 daAuts
